[Event "January 2 Early 2024"]
[Site "https://www.chess.com"]
[Date "2024.01.02"]
[Round "8"]
[White "Morales Garcia, Sergio Joshafatt"]
[Black "SkinnyPuppy8"]
[Result "0-1"]
[Board "150"]
[TimeControl "180+1"]
[WhiteFideId "5106249"]
[WhiteElo "2437"]
[BlackElo "2293"]
[WhiteTeam "MEX"]
[WhiteClock "0:00:03"]
[BlackClock "0:00:08"]

1. d4 d5 2. c4 e6 3. Nf3 c6 4. Qc2 f5 5. Bg5 Be7 6. Bxe7 Qxe7 7. e3 Nf6 8. Bd3 Nbd7 9. O-O g6 10. Nc3 O-O 11. a3 Kh8 12. Nd2 dxc4 13. Nxc4 e5 14. dxe5 Nxe5 15. Nxe5 Qxe5 16. Rfe1 Ng4 17. g3 Be6 18. Nd1 Rad8 19. Be2 Bd5 20. Qc3 Qxc3 21. Nxc3 Nf6 22. Bd1 Rd6 23. Bc2 Rfd8 24. Rad1 Bf3 25. Rxd6 Rxd6 26. Bd1 Be4 27. f3 Bd3 28. Kf2 Bc4 29. e4 Rd2+ 30. Ke3 Rxb2 31. exf5 gxf5 32. Kf4 Rxh2 33. Kxf5 Nd5 34. Re8+ Kg7 35. Nxd5 Bxd5 36. Re7+ Kf8 37. Rxb7 Rh5+ 38. Kf6 Rh6+ 39. Ke5 Re6+ 40. Kd4 Re7 41. Rb8+ Kg7 42. f4 Re1 43. Bb3 Bxb3 44. Rxb3 Rc1 45. Rb7+ Kg6 46. g4 h6 47. Rxa7 c5+ 48. Ke5 Re1+ 49. Kd5 Rc1 50. Ra6+ Kg7 51. Ke5 Re1+ 52. Kf5 c4 53. Ra7+ Kf8 54. Rc7 Re3 55. a4 c3 56. Kg6 Re4 57. Kf5 Rxa4 58. Rxc3 Ra5+ 59. Kg6 Ra6+ 60. Kh5 Rf6 61. f5 Kg7 62. Rc7+ Kg8 63. Rb7 Kf8 64. Rh7 Kg8 65. Rxh6 Rf7 66. Kg5 Kf8 67. Rg6 Re7 68. Rb6 Rg7+ 69. Kf6 Rf7+ 70. Kg5 Rg7+ 71. Kf4 Rb7 72. f6 Rxb6 73. Kf5 Kf7 74. g5 Rb5+ 75. Kg4 Kg6 76. Kf4 Rf5+ 77. Kg4 Rxg5+ 78. Kf3 Rf5+ 79. Ke4 Kxf6 0-1

[Event "January 2 Early 2024"]
[Site "https://www.chess.com"]
[Date "2024.01.02"]
[Round "8"]
[White "Travkina, Anastasia"]
[Black "Borda Rodas, Anapaola S."]
[Result "1-0"]
[Board "151"]
[TimeControl "180+1"]
[WhiteFideId "24129151"]
[BlackFideId "152781"]
[WhiteElo "2371"]
[BlackElo "2394"]
[WhiteTeam "RUS"]
[BlackTeam "ARG"]
[WhiteClock "0:00:19"]
[BlackClock "0:00:00"]

1. e4 e5 2. Nf3 Nc6 3. Bc4 Bc5 4. b4 Bxb4 5. c3 Ba5 6. d4 Nge7 7. Ng5 d5 8. exd5 Nxd5 9. Nxf7 Kxf7 10. Qf3+ Ke8 11. Bxd5 Rf8 12. Qe4 Nxd4 13. Qxe5+ Qe7 14. Qxe7+ Kxe7 15. Ba3+ Ke8 16. Bxf8 Kxf8 17. Kd2 Bf5 18. Na3 Rd8 19. Ke3 Bxc3 20. Rac1 Bb2 21. Rxc7 Rxd5 22. Nc4 Nc2+ 23. Kf4 Bd4 24. g4 Bd7 25. Ne3 Be5+ 26. Ke4 Bxc7 27. Nxd5 Bc6 28. Kd3 Bxd5 29. Rc1 Nb4+ 30. Kd4 Bb6+ 31. Ke5 a5 32. Kd6 Kf7 33. f4 g5 34. f5 Bf3 35. a3 Nc6 36. Rb1 Bd8 37. Rxb7+ Ne7 38. Rd7 Bc6 39. Rxd8 Bb5 40. Rb8 Be8 41. Rb7 1-0

[Event "January 2 Early 2024"]
[Site "https://www.chess.com"]
[Date "2024.01.02"]
[Round "8"]
[White "Tikhonov, Viacheslav"]
[Black "Daurimbetov, Azamat"]
[Result "1-0"]
[Board "152"]
[TimeControl "180+1"]
[WhiteFideId "44196407"]
[BlackFideId "14201950"]
[WhiteElo "2465"]
[BlackElo "2243"]
[WhiteTeam "RUS"]
[BlackTeam "UZB"]
[WhiteClock "0:02:25"]
[BlackClock "0:01:27"]

1. e4 e6 2. d4 d5 3. Bd3 dxe4 4. Bxe4 Nf6 5. Bf3 c5 6. Ne2 Nc6 7. Be3 cxd4 8. Nxd4 Ne5 9. Nc3 Nxf3+ 10. Qxf3 Be7 11. O-O-O Qa5 12. Nc6 Qc7 13. Nb5 Qxc6 14. Qxc6+ bxc6 15. Nc7+ Kf8 16. Nxa8 Nd5 17. Bxa7 Bb7 18. Nb6 1-0

[Event "January 2 Early 2024"]
[Site "https://www.chess.com"]
[Date "2024.01.02"]
[Round "8"]
[White "Pourkashiyan, Atousa"]
[Black "KSho99"]
[Result "1-0"]
[Board "153"]
[TimeControl "180+1"]
[WhiteFideId "12502014"]
[WhiteElo "2452"]
[BlackElo "2158"]
[WhiteTeam "USA"]
[WhiteClock "0:01:59"]
[BlackClock "0:00:00"]

1. Nf3 e6 2. g3 f5 3. Bg2 Nf6 4. O-O d5 5. d3 Be7 6. b3 O-O 7. Bb2 b6 8. Nbd2 Bb7 9. c4 c5 10. Ng5 Qd7 11. Ndf3 Nc6 12. Rc1 h6 13. Nh3 d4 14. Nf4 Rfe8 15. Ng6 Bd6 16. e3 e5 17. exd4 cxd4 18. Bh3 Kh7 19. Nfh4 Ng4 20. Nxf5 Qxf5 21. Nh4 Qf6 22. Bxg4 Ne7 23. Bf3 Bxf3 24. Qxf3 Qxf3 25. Nxf3 Rf8 26. Kg2 Rae8 27. Rce1 Nc6 28. a3 g5 29. h3 Kg6 30. Nd2 Bc7 31. Ne4 Ne7 32. Re2 Nf5 33. Rfe1 Re7 34. b4 Ref7 35. c5 b5 36. Bc1 Ne7 37. Bd2 Nd5 38. Rc1 Rf3 39. c6 Rxd3 40. Nc5 Rxa3 41. Ne6 Rf7 42. Nxc7 Nxc7 43. Rxe5 Kf6 44. Re4 1-0

[Event "January 2 Early 2024"]
[Site "https://www.chess.com"]
[Date "2024.01.02"]
[Round "8"]
[White "Dyulgerov, Volen"]
[Black "th3d4rkness"]
[Result "0-1"]
[Board "154"]
[TimeControl "180+1"]
[WhiteFideId "2918978"]
[WhiteElo "2438"]
[BlackElo "2146"]
[WhiteTeam "BUL"]
[WhiteClock "0:00:01"]
[BlackClock "0:01:01"]

1. e4 c5 2. Nf3 Nc6 3. d4 cxd4 4. c3 d5 5. e5 Bg4 6. cxd4 e6 7. Nc3 Bxf3 8. gxf3 Nge7 9. Bg5 Qb6 10. Nb5 Nf5 11. Bd3 Nfxd4 12. Be3 Qa5+ 13. Kf1 Nxb5 14. b4 Bxb4 15. Rb1 Nc3 16. Qc2 Nxb1 17. Qxb1 O-O-O 18. Kg2 Bc5 19. Bf4 h6 20. Rc1 g5 21. Bd2 Qb6 22. Qc2 Bxf2 23. Rb1 Qc5 24. Qa4 Bh4 25. Rf1 Qd4 26. Ba6 Qxa4 0-1

[Event "January 2 Early 2024"]
[Site "https://www.chess.com"]
[Date "2024.01.02"]
[Round "8"]
[White "Minina, Veronika"]
[Black "Khamdamova, Afruza"]
[Result "0-1"]
[Board "155"]
[TimeControl "180+1"]
[WhiteFideId "4174780"]
[BlackFideId "14210444"]
[WhiteElo "2280"]
[BlackElo "2523"]
[WhiteTeam "RUS"]
[BlackTeam "UZB"]
[WhiteClock "0:00:06"]
[BlackClock "0:00:36"]

1. Nf3 Nf6 2. g3 d5 3. Bg2 c5 4. O-O Nc6 5. c4 d4 6. e3 e5 7. exd4 cxd4 8. d3 Bd6 9. b4 Bxb4 10. Nxe5 Nxe5 11. Qa4+ Nc6 12. Bxc6+ bxc6 13. Qxb4 Be6 14. Bg5 Rb8 15. Qc5 Nd7 16. Qxd4 Qxg5 17. Qxa7 O-O 18. Nc3 Bh3 19. Rfe1 Ne5 20. Re3 Qf5 21. Ne4 Rb2 22. Qa3 Rfb8 23. Rd1 Ng4 24. Ree1 Rxf2 25. Rd2 Rxd2 26. Nxd2 Qf2+ 0-1

[Event "January 2 Early 2024"]
[Site "https://www.chess.com"]
[Date "2024.01.02"]
[Round "8"]
[White "Cardozo Munar, Carlos Eduardo"]
[Black "Ambrogi, Agustin"]
[Result "0-1"]
[Board "156"]
[TimeControl "180+1"]
[WhiteFideId "4409477"]
[BlackFideId "170933"]
[WhiteElo "2278"]
[BlackElo "2430"]
[WhiteTeam "COL"]
[BlackTeam "ARG"]
[WhiteClock "0:00:00"]
[BlackClock "0:00:03"]

1. e4 d5 2. exd5 Qxd5 3. Nf3 Nf6 4. Be2 g6 5. O-O Bg7 6. d4 O-O 7. c3 c5 8. dxc5 Qxc5 9. Be3 Qc7 10. Na3 Bd7 11. h3 Bc6 12. Nb5 Bxb5 13. Bxb5 Nc6 14. Qe2 Nd5 15. Bg5 a6 16. Ba4 Nb6 17. Bxc6 Qxc6 18. Qxe7 Rfe8 19. Qb4 Nd5 20. Qh4 Re2 21. Rab1 Rae8 22. a3 R2e4 23. Qg3 Nb6 24. Rfe1 Nc4 25. Rxe4 Qxe4 26. Re1 Qc6 27. Rxe8+ Qxe8 28. Qc7 b5 29. Qa7 Nxb2 30. Qxa6 Bxc3 31. h4 Kg7 32. Qa7 Nc4 33. Qc5 h6 34. Bf4 Qe4 35. Bg3 Bb2 36. Qxb5 Bxa3 37. Ne5 Nd2 38. f3 Qd4+ 39. Kh2 Bc5 0-1

[Event "January 2 Early 2024"]
[Site "https://www.chess.com"]
[Date "2024.01.02"]
[Round "8"]
[White "Player, Edmund C"]
[Black "Zhuk, Valeriy"]
[Result "0-1"]
[Board "157"]
[TimeControl "180+1"]
[WhiteFideId "406520"]
[BlackFideId "24151254"]
[WhiteElo "2269"]
[BlackElo "2386"]
[WhiteTeam "ENG"]
[BlackTeam "RUS"]
[WhiteClock "0:00:02"]
[BlackClock "0:00:19"]

1. Nc3 d5 2. d4 Nf6 3. Bg5 Bf5 4. f3 h5 5. e3 e6 6. Bd3 Bxd3 7. cxd3 Be7 8. Nge2 h4 9. O-O h3 10. g4 Nbd7 11. Qb3 Rb8 12. Qa4 a6 13. b4 c6 14. Qb3 Ra8 15. Na4 b5 16. Nc5 a5 17. a3 Nxc5 18. dxc5 e5 19. e4 d4 20. Qd1 Nd7 21. Bd2 Bg5 22. Be1 Be3+ 23. Kh1 a4 24. Bg3 Qe7 25. f4 exf4 26. Nxf4 Nf8 27. Nh5 Qg5 28. Qf3 f6 29. e5 Kd7 30. exf6 g6 31. Ng7 Nh7 32. Ne6 Rac8 33. Nxg5 Nxg5 34. Qe2 Rhf8 35. Bf4 Rce8 36. Bxe3 Rxe3 37. Qf2 Nf3 38. Ra2 Ne5 39. g5 Nxd3 40. Qh4 Rfe8 41. Qxd4+ Kc7 42. Rd2 Ne5 43. Qd6+ Kb7 44. Qe7+ Rxe7 45. fxe7 Nc4 46. Rd7+ Ka6 47. Rf8 Re1+ 48. Rf1 Rxf1# 0-1

[Event "January 2 Early 2024"]
[Site "https://www.chess.com"]
[Date "2024.01.02"]
[Round "8"]
[White "Brejnik, Gustav"]
[Black "Paragua, Megan Althea"]
[Result "0-1"]
[Board "158"]
[TimeControl "180+1"]
[WhiteFideId "362662"]
[BlackFideId "30973007"]
[WhiteElo "2255"]
[BlackElo "2359"]
[WhiteTeam "CZE"]
[BlackTeam "USA"]
[WhiteClock "0:01:10"]
[BlackClock "0:02:14"]

1. b3 Nf6 2. Bb2 e6 3. c4 d5 4. e3 Be7 5. Nf3 O-O 6. Qc2 b6 7. cxd5 exd5 8. Be2 Bb7 9. O-O Nbd7 10. Nc3 c5 11. d4 Rc8 12. Rac1 Ne4 13. Rfd1 cxd4 14. Nxd4 Bb4 15. a3 Bxc3 16. Bxc3 Nxc3 17. Re1 Nxe2+ 18. Qxe2 Nc5 19. Qg4 Nd3 20. Nf5 Qf6 21. Rxc8 Bxc8 0-1

[Event "January 2 Early 2024"]
[Site "https://www.chess.com"]
[Date "2024.01.02"]
[Round "8"]
[White "Lima, Artur Tin Lun Dai"]
[Black "Cueto, Jonny"]
[Result "0-1"]
[Board "159"]
[TimeControl "180+1"]
[WhiteFideId "22773150"]
[BlackFideId "3300145"]
[WhiteElo "2352"]
[BlackElo "2251"]
[WhiteTeam "BRA"]
[BlackTeam "BOL"]
[WhiteClock "0:00:00"]
[BlackClock "0:00:13"]

1. d4 Nf6 2. c4 d6 3. Nc3 e5 4. Nf3 e4 5. Nd2 Bf5 6. g3 Qe7 7. Bg2 g6 8. O-O Bg7 9. Qb3 c6 10. d5 O-O 11. Rd1 Re8 12. Nf1 Na6 13. Ne3 Bd7 14. Qa3 Rad8 15. Bd2 c5 16. Be1 h5 17. h4 Bh6 18. Bd2 Bxe3 19. Bxe3 Ng4 20. Bg5 f6 21. Bf4 e3 22. f3 Nf2 23. Rf1 g5 24. hxg5 fxg5 25. Bxe3 Nh3+ 26. Kh2 Qxe3 27. Bxh3 g4 28. Bg2 h4 29. Ne4 hxg3+ 30. Kxg3 Rxe4 31. Rab1 Qf4+ 32. Kf2 Rde8 33. Rfe1 g3+ 34. Kf1 Re3 35. Qa5 Qh4 36. Red1 Bh3 37. Qe1 Bxg2+ 38. Kxg2 Qh2+ 39. Kf1 Rxe2 0-1

[Event "January 2 Early 2024"]
[Site "https://www.chess.com"]
[Date "2024.01.02"]
[Round "8"]
[White "Slavin, Alexey"]
[Black "Pavlidou, Ekaterini"]
[Result "1-0"]
[Board "160"]
[TimeControl "180+1"]
[WhiteFideId "24104388"]
[BlackFideId "4213262"]
[WhiteElo "2245"]
[BlackElo "2346"]
[WhiteTeam "RUS"]
[BlackTeam "GRE"]
[WhiteClock "0:00:17"]
[BlackClock "0:00:11"]

1. e4 c5 2. g3 Nc6 3. Bg2 g6 4. Ne2 Bg7 5. O-O d6 6. Nbc3 e5 7. a3 h5 8. h3 Nge7 9. Rb1 a5 10. d3 Be6 11. f4 h4 12. g4 exf4 13. Nxf4 Nd4 14. Nce2 Nec6 15. c3 Bb3 16. Qd2 Nxe2+ 17. Qxe2 Qe7 18. Qf2 Ne5 19. Be3 g5 20. Nh5 Rxh5 21. gxh5 Nxd3 22. Qf5 Nf4 23. Bxf4 gxf4 24. Rxf4 Be5 25. Rg4 Be6 26. Qh7 O-O-O 27. Rg8 Qf6 28. Rf1 Bf4 29. Rxd8+ Kxd8 30. h6 Qg5 31. Qg7 Qxh6 32. Qxh6 Bxh6 33. Kf2 b5 34. Rd1 Kc7 35. Bf3 Bg7 36. Bg4 Bb3 37. Rg1 Be5 38. Kf3 b4 39. axb4 axb4 40. cxb4 cxb4 41. Rg2 Bd1+ 42. Ke3 Bxg4 43. Rxg4 Bxb2 44. Rxh4 Be5 45. Rh7 b3 46. Kd2 Kc6 47. Rxf7 b2 48. Kc2 Kc5 49. Rf1 Kb4 50. Rh1 Ka3 51. h4 Bf4 52. h5 Bh6 53. Kb1 Kb3 54. Rh3+ Kc4 55. Kxb2 Kd4 56. Rh4 Ke5 57. Kc3 Bg5 58. Rg4 Bh6 59. Rg6 Kxe4 60. Rxh6 1-0

[Event "January 2 Early 2024"]
[Site "https://www.chess.com"]
[Date "2024.01.02"]
[Round "8"]
[White "Chirivi C, Jenny Astrid"]
[Black "Gerbelli Neto, Eduardo"]
[Result "1-0"]
[Board "161"]
[TimeControl "180+1"]
[WhiteFideId "4403061"]
[BlackFideId "2103281"]
[WhiteElo "2231"]
[BlackElo "2342"]
[WhiteTeam "COL"]
[BlackTeam "BRA"]
[WhiteClock "0:01:13"]
[BlackClock "0:00:56"]

1. d4 d5 2. c4 c6 3. Nf3 Nf6 4. Qc2 e6 5. g3 Bb4+ 6. Nbd2 dxc4 7. Qxc4 a5 8. Bg2 b5 9. Qc2 Bb7 10. O-O Nbd7 11. a3 Be7 12. e4 O-O 13. Nb3 Qb6 14. Ng5 g6 15. e5 Nd5 16. Ne4 Rac8 17. Nbc5 Nxc5 18. Nxc5 b4 19. axb4 Qxb4 20. Bd2 Qb5 21. Rxa5 Nb4 22. Rxb5 Nxc2 23. Rxb7 Rfe8 24. Bc3 1-0

[Event "January 2 Early 2024"]
[Site "https://www.chess.com"]
[Date "2024.01.02"]
[Round "8"]
[White "Poddubnyi, Viktor"]
[Black "Clawitter, Craig"]
[Result "1-0"]
[Board "162"]
[TimeControl "180+1"]
[WhiteFideId "4141989"]
[BlackFideId "2023105"]
[WhiteElo "2324"]
[BlackElo "2222"]
[WhiteTeam "RUS"]
[BlackTeam "USA"]
[WhiteClock "0:00:03"]
[BlackClock "0:00:03"]

1. e4 e6 2. d4 d5 3. Nd2 Be7 4. Ngf3 Nf6 5. Bd3 c5 6. e5 Nfd7 7. c3 Nc6 8. O-O a5 9. dxc5 Ndxe5 10. Nxe5 Nxe5 11. Bb5+ Bd7 12. Bxd7+ Qxd7 13. b4 O-O 14. Nb3 Nc4 15. Re1 Bf6 16. Nd4 e5 17. Nc2 Rfe8 18. a3 e4 19. Nd4 axb4 20. cxb4 Ne5 21. Be3 Nd3 22. Re2 Qg4 23. Rd2 Qg6 24. Raa2 Rad8 25. Rac2 Re5 26. b5 Rh5 27. c6 bxc6 28. bxc6 Bxd4 29. Bxd4 Nf4 30. g3 Qf5 31. Be3 Qh3 32. f3 exf3 33. Bxf4 Rf5 34. Qxf3 Rxf4 35. Qxf4 g5 36. Qf3 g4 37. Qf6 Rd7 38. cxd7 Qg2+ 39. Kxg2 h5 40. Qf4 Kh7 41. Rc3 Kg6 42. Rcd3 f5 43. Rd4 Kf6 44. Rxd5 1-0

[Event "January 2 Early 2024"]
[Site "https://www.chess.com"]
[Date "2024.01.02"]
[Round "8"]
[White "Dargan, Paul A G"]
[Black "Dahl, Trygve"]
[Result "0-1"]
[Board "163"]
[TimeControl "180+1"]
[WhiteFideId "416762"]
[BlackFideId "1513427"]
[WhiteElo "2199"]
[BlackElo "2323"]
[WhiteTeam "ENG"]
[BlackTeam "NOR"]
[WhiteClock "0:00:05"]
[BlackClock "0:00:10"]

1. e4 c5 2. c3 e6 3. d4 Nf6 4. e5 Nd5 5. Nf3 cxd4 6. cxd4 Nc6 7. Bc4 d6 8. O-O Be7 9. Nc3 Nxc3 10. bxc3 O-O 11. Qe2 dxe5 12. dxe5 b6 13. Qe4 Bb7 14. Bd3 g6 15. Rd1 Nb4 16. Qxb7 Nxd3 17. Bh6 Re8 18. Qe4 Nc5 19. Qf4 Qc7 20. Ng5 Bf8 21. Bxf8 Rxf8 22. Qh4 h5 23. Qf4 Rad8 24. Ne4 Nxe4 25. Qxe4 Qxc3 26. h3 Rd2 27. Rac1 Rxd1+ 28. Rxd1 Rc8 29. Rd3 Qa1+ 30. Kh2 Qxa2 31. Rg3 Qd5 32. Qf4 Rc5 33. Rg5 Rc4 34. Qf6 Qd4 35. g3 Qd3 36. Qe7 Rc2 37. Qe8+ Kg7 38. Kg2 Qe4+ 39. Kf1 Rc1# 0-1

[Event "January 2 Early 2024"]
[Site "https://www.chess.com"]
[Date "2024.01.02"]
[Round "8"]
[White "Seder, Mohammed"]
[Black "Sailer, Mike"]
[Result "1-0"]
[Board "164"]
[TimeControl "180+1"]
[WhiteFideId "11505567"]
[BlackFideId "2012901"]
[WhiteElo "2316"]
[BlackElo "2198"]
[WhiteTeam "PLE"]
[BlackTeam "USA"]
[WhiteClock "0:00:06"]
[BlackClock "0:00:00"]

1. e4 d5 2. exd5 Qxd5 3. Nc3 Qd6 4. d4 c6 5. Nge2 Nf6 6. Bf4 Qb4 7. Qd3 g6 8. O-O-O Bf5 9. Qd2 Bg7 10. f3 h5 11. Ng3 Be6 12. Nge4 Nbd7 13. a3 Qa5 14. Bd3 Nb6 15. Nc5 O-O-O 16. Nxe6 fxe6 17. Be5 Bh6 18. Bf4 Bxf4 19. Qxf4 Nbd5 20. Nxd5 Qxd5 21. Kb1 Qxd4 22. Qxd4 Rxd4 23. Bxg6 Rxd1+ 24. Rxd1 Rg8 25. Bf7 Rxg2 26. Bxe6+ Kc7 27. h3 Rf2 28. Rd3 Rf1+ 29. Ka2 h4 30. Rd4 Rxf3 31. Rxh4 Rf2 32. Kb3 Kd6 33. Bc8 b6 34. Rh8 e5 35. h4 Rh2 36. Kc3 Nd5+ 37. Kb3 Nf4 38. Rh6+ Kd5 39. Bf5 e4 40. Rh7 Ke5 41. Bg4 1-0

[Event "January 2 Early 2024"]
[Site "https://www.chess.com"]
[Date "2024.01.02"]
[Round "8"]
[White "Lacasa Diaz, Josep Anton"]
[Black "Chandra, Vania Vindy"]
[Result "1-0"]
[Board "165"]
[TimeControl "180+1"]
[WhiteFideId "2203375"]
[BlackFideId "7103441"]
[WhiteElo "2314"]
[BlackElo "2194"]
[WhiteTeam "ESP"]
[BlackTeam "INA"]
[WhiteClock "0:02:07"]
[BlackClock "0:01:44"]

1. b3 d5 2. Bb2 c5 3. e3 Nc6 4. Nf3 Bg4 5. h3 Bxf3 6. Qxf3 e5 7. Bb5 Bd6 8. Qxd5 Ne7 9. Bxc6+ Nxc6 10. Qf3 O-O 11. Nc3 Nb4 12. O-O-O f5 13. a3 e4 14. Qe2 Nc6 15. d3 exd3 16. Qxd3 Bc7 17. Qc4+ 1-0

[Event "January 2 Early 2024"]
[Site "https://www.chess.com"]
[Date "2024.01.02"]
[Round "8"]
[White "Larina, Maria"]
[Black "Tagliati, Eleonore"]
[Result "1-0"]
[Board "166"]
[TimeControl "180+1"]
[WhiteFideId "24113182"]
[BlackFideId "45172234"]
[WhiteElo "2312"]
[BlackElo "2185"]
[WhiteTeam "FID"]
[BlackTeam "FRA"]
[WhiteClock "0:00:04"]
[BlackClock "0:00:21"]

1. e4 c5 2. Nc3 Nc6 3. g3 g6 4. Bg2 Bg7 5. d3 e5 6. Nf3 Nge7 7. O-O O-O 8. Be3 d6 9. Ne2 h6 10. c3 f5 11. Qd2 Kh7 12. Nh4 Be6 13. d4 cxd4 14. cxd4 fxe4 15. Bxe4 d5 16. Bg2 e4 17. f3 exf3 18. Nxf3 Nf5 19. Bf2 Bf7 20. b4 Nd6 21. b5 Nxb5 22. a4 Nd6 23. Qd3 Ne4 24. Be3 Nb4 25. Qb3 a5 26. Ne5 Bxe5 27. dxe5 d4 28. e6 dxe3 29. Bxe4 Bg8 30. Nf4 Rf6 31. Qxe3 Rc8 32. Rae1 Qe7 33. h4 Nc2 34. Bxc2 Rxc2 35. Qd3 Rc6 36. Nd5 Rxf1+ 37. Rxf1 Qxe6 38. Nf6+ Kg7 39. Nxg8 Kxg8 40. Qd8+ Kg7 41. Qf8+ Kh7 42. Rf7+ Qxf7 43. Qxf7+ Kh8 44. Qxb7 Rc1+ 45. Kf2 Rc2+ 46. Kf3 Ra2 47. Qb8+ Kg7 48. Qe5+ Kh7 49. Qxa5 Ra3+ 50. Kf4 Ra2 1-0

[Event "January 2 Early 2024"]
[Site "https://www.chess.com"]
[Date "2024.01.02"]
[Round "8"]
[White "Thiel, Thomas"]
[Black "Zampronha, Wladimir Camilo"]
[Result "0-1"]
[Board "167"]
[TimeControl "180+1"]
[WhiteFideId "4615964"]
[BlackFideId "2103087"]
[WhiteElo "2182"]
[BlackElo "2307"]
[WhiteTeam "GER"]
[BlackTeam "BRA"]
[WhiteClock "0:00:15"]
[BlackClock "0:00:24"]

1. e4 c5 2. Nc3 Nc6 3. Bb5 e6 4. Bxc6 bxc6 5. f4 d5 6. Nf3 Nf6 7. Qe2 Be7 8. O-O O-O 9. d3 c4 10. d4 dxe4 11. Nxe4 Nxe4 12. Qxe4 Qd5 13. Qxd5 cxd5 14. c3 Rb8 15. Ne5 Rb6 16. a4 Rd8 17. a5 Ra6 18. Bd2 Bd7 19. Rfb1 Be8 20. b4 cxb3 21. Rxb3 Bd6 22. Nd3 Rb8 23. Rxb8 Bxb8 24. Nc5 Rc6 25. Rb1 Rc8 26. Rb7 Bc6 27. Rb2 Bc7 28. a6 Bb6 29. Kf2 Kf8 30. Ke3 Ke7 31. Kd3 Kd6 32. Be3 Be8 33. g3 Kc6 34. Na4 Kc7 35. Nc5 Rb8 36. Bd2 Bxc5 37. Rxb8 Kxb8 38. dxc5 Bb5+ 39. Kd4 Bxa6 40. f5 Kc7 41. Bf4+ Kd7 42. Bb8 exf5 43. Kxd5 Bb7+ 44. Kd4 a5 45. Bd6 a4 46. Bf8 g6 47. Ke5 Bc6 48. Kd4 a3 0-1

[Event "January 2 Early 2024"]
[Site "https://www.chess.com"]
[Date "2024.01.02"]
[Round "8"]
[White "Yushko, Olga"]
[Black "Limontaite, Simona"]
[Result "1-0"]
[Board "168"]
[TimeControl "180+1"]
[WhiteFideId "14114500"]
[BlackFideId "12802506"]
[WhiteElo "2180"]
[BlackElo "2300"]
[WhiteTeam "UKR"]
[BlackTeam "LTU"]
[WhiteClock "0:00:16"]
[BlackClock "0:00:03"]

1. d4 Nf6 2. c4 e6 3. Nc3 Bb4 4. Qc2 c5 5. dxc5 Na6 6. a3 Bxc3+ 7. Qxc3 Nxc5 8. Nf3 O-O 9. g3 Nce4 10. Qc2 d5 11. Bg2 Bd7 12. b4 dxc4 13. Ne5 Nd6 14. Bg5 Bc6 15. Nxc6 bxc6 16. Bxc6 Rc8 17. Bg2 h6 18. Be3 Qc7 19. O-O Rfd8 20. Rfd1 Nf5 21. Bc5 Nd7 22. Qxc4 Nxc5 23. Rxd8+ Qxd8 24. bxc5 Qa5 25. c6 Nd6 26. Qb4 Qe5 27. Rd1 Nb5 28. e3 g6 29. Rc1 Kg7 30. a4 Nd6 31. Rd1 Nf5 32. g4 Nh4 33. Qd6 Qg5 34. Bh3 Nf3+ 35. Kg2 Nh4+ 36. Kh1 Qa5 37. Qd4+ e5 38. Qc4 Qb6 39. Rc1 g5 40. Bf1 Rc7 41. Qc5 Qxc5 42. Rxc5 f6 43. Bc4 Kf8 44. Be6 Ke7 45. Bd7 Ng6 46. Bf5 Nf8 47. Be4 Ne6 48. Rc1 Nd8 49. Kg2 Kd6 50. Rd1+ Ke7 51. Rc1 Kd6 52. h4 Nxc6 53. hxg5 hxg5 54. Rd1+ Ke7 55. Rh1 Nd8 56. Rh7+ Nf7 57. Bd5 Kf8 58. Kf3 a5 59. Rh1 Nd6 60. Rb1 Rc5 61. Rb8+ Ke7 62. Ba8 e4+ 63. Kg3 Ke6 64. Rb6 Rc4 65. Bc6 Ke5 66. Be8 Rc5 67. Bd7 f5 68. Ra6 f4+ 69. exf4+ gxf4+ 70. Kg2 Rc3 71. g5 Rc5 72. g6 Nf5 73. Bxf5 Kxf5 74. g7 Rc8 75. Rxa5+ Kg4 76. Re5 f3+ 77. Kh2 Kf4 78. Re7 Rg8 79. Rf7+ Kg5 80. Re7 Kf4 81. Rf7+ Ke5 82. Kg3 Kd4 83. Rd7+ Kc3 84. Kf4 Re8 85. g8=Q Rxg8 86. Kxe4 Rf8 87. Rd3+ Kb4 88. Rxf3 Re8+ 89. Kf5 Kxa4 90. Kg4 Kb5 91. Rf5+ Kc6 92. f4 Rg8+ 93. Rg5 Rf8 94. f5 Kd5 95. Kf4 Kd6 96. Rg6+ Ke7 97. Ke5 Kf7 98. Rf6+ Ke7 99. Rxf8 Kxf8 100. Kf6 Kg8 101. Ke7 1-0

[Event "January 2 Early 2024"]
[Site "https://www.chess.com"]
[Date "2024.01.02"]
[Round "8"]
[White "Jing, Andrew"]
[Black "Blokhin, Sofia"]
[Result "0-1"]
[Board "169"]
[TimeControl "180+1"]
[WhiteFideId "30984076"]
[BlackFideId "4508190"]
[WhiteElo "2152"]
[BlackElo "2290"]
[WhiteTeam "USA"]
[BlackTeam "EST"]
[WhiteClock "0:02:32"]
[BlackClock "0:01:49"]

1. d4 f5 2. c4 Nf6 3. e3 g6 4. Bd3 Bg7 5. Ne2 O-O 6. Nbc3 d6 7. O-O Nc6 8. f4 e5 9. d5 Ne7 10. b3 c6 11. dxc6 Nxc6 12. Ba3 Re8 13. Rc1 Ng4 14. Qd2 exf4 15. exf4 Qb6+ 16. Kh1 Nf2+ 17. Rxf2 Qxf2 18. Bxd6 Nd4 19. Re1 Bd7 20. Nd5 Bc6 21. Ne7+ Rxe7 22. Bxe7 Qxg2# 0-1

[Event "January 2 Early 2024"]
[Site "https://www.chess.com"]
[Date "2024.01.02"]
[Round "8"]
[White "Latreche, Khadidja"]
[Black "Eggleston, Thomas A"]
[Result "1-0"]
[Board "170"]
[TimeControl "180+1"]
[WhiteFideId "7901780"]
[BlackFideId "412139"]
[WhiteElo "2129"]
[BlackElo "2289"]
[WhiteTeam "ALG"]
[BlackTeam "ENG"]
[WhiteClock "0:00:16"]
[BlackClock "0:00:00"]

1. e4 e6 2. Qe2 c5 3. Nf3 Nc6 4. d3 g6 5. g3 Bg7 6. Bg2 d6 7. O-O Nge7 8. c3 e5 9. h3 h6 10. Be3 Be6 11. Na3 O-O 12. Rad1 f5 13. exf5 Nxf5 14. d4 Nxe3 15. fxe3 cxd4 16. exd4 Bxa2 17. dxe5 Qb6+ 18. Kh2 dxe5 19. b4 Bb3 20. Rd7 Be6 21. Rd6 Bf7 22. Rfd1 Rad8 23. Nh4 Kh7 24. Be4 Qc7 25. Nb5 Qe7 26. Bxg6+ Kg8 27. Bxf7+ Qxf7 28. Rxd8 Nxd8 29. Nd6 Qf2+ 30. Qxf2 Rxf2+ 31. Kg1 Rc2 32. Ne4 Ne6 33. Rd7 b6 34. Nf5 a5 35. Re7 Rc1+ 36. Kf2 Rc2+ 37. Ke3 Ng5 38. Rxg7+ Kf8 39. Nxg5 hxg5 40. Rxg5 Rxc3+ 41. Ke4 axb4 42. Nd6 b3 43. Rxe5 b2 44. Rb5 Rc2 45. Nc4 Rg2 46. Rxb2 Rxg3 47. Nxb6 Rxh3 48. Rf2+ 1-0

[Event "January 2 Early 2024"]
[Site "https://www.chess.com"]
[Date "2024.01.02"]
[Round "8"]
[White "Martin, Lewis"]
[Black "Subramanian, Anusha"]
[Result "1-0"]
[Board "171"]
[TimeControl "180+1"]
[WhiteFideId "410551"]
[BlackFideId "477710"]
[WhiteElo "2288"]
[BlackElo "2125"]
[WhiteTeam "ENG"]
[BlackTeam "ENG"]
[WhiteClock "0:00:32"]
[BlackClock "0:00:02"]

1. c4 e5 2. g3 Nc6 3. Nc3 f5 4. d3 Nf6 5. Bg2 Bb4 6. Bg5 h6 7. Bxf6 Qxf6 8. e3 a5 9. Ne2 d6 10. O-O Bxc3 11. Nxc3 O-O 12. Rc1 Be6 13. Nd5 Qf7 14. a3 a4 15. b4 axb3 16. Qxb3 Na5 17. Qc3 c6 18. Nb6 Ra6 19. Rb1 Qc7 20. c5 dxc5 21. Na4 c4 22. Nc5 Bd5 23. Nxa6 bxa6 24. dxc4 Bxc4 25. Rfc1 e4 26. Bf1 Bxf1 27. Kxf1 Rd8 28. Rd1 Rxd1+ 29. Rxd1 c5 30. Rd5 Nb7 31. Qc4 Kh7 32. Rxf5 Qd7 33. Qxe4 Nd6 34. Rd5+ Nxe4 35. Rxd7 c4 36. Rc7 c3 37. f3 Nd2+ 38. Ke2 Nb3 39. Rxc3 Na5 40. e4 Nb7 41. Rc6 a5 42. Ra6 a4 43. Rxa4 Nc5 44. Rb4 Ne6 45. a4 g5 46. a5 h5 47. a6 Nc7 48. Rb7 Kg6 49. Rxc7 g4 50. f4 h4 51. gxh4 Kh5 52. Kf2 Kxh4 53. Rh7# 1-0

[Event "January 2 Early 2024"]
[Site "https://www.chess.com"]
[Date "2024.01.02"]
[Round "8"]
[White "Onslow, Alfie"]
[Black "VictMin"]
[Result "1-0"]
[Board "172"]
[TimeControl "180+1"]
[WhiteFideId "436976"]
[WhiteElo "2284"]
[BlackElo "2035"]
[WhiteTeam "ENG"]
[WhiteClock "0:00:24"]
[BlackClock "0:00:03"]

1. e4 c6 2. Nf3 d5 3. d3 dxe4 4. dxe4 Qxd1+ 5. Kxd1 Bg4 6. Be2 Nd7 7. Ne1 Ngf6 8. Nc3 O-O-O 9. Nd3 Nc5 10. f3 Nxd3 11. Bxd3 Bh5 12. Be3 Kb8 13. Ke2 e5 14. a4 Bb4 15. a5 Rhe8 16. Ra4 Bxc3 17. bxc3 Nd7 18. Rb1 Ka8 19. Rc4 f6 20. a6 Rb8 21. axb7+ Rxb7 22. Ra1 Rc7 23. Rca4 c5 24. Bb5 Rec8 25. Ra6 Nb8 26. R6a5 Rb7 27. Bc4 Bf7 28. Bxf7 Rxf7 29. Bxc5 Rxc5 30. Rxc5 Kb7 31. Rb1+ Ka8 32. Rc8 Rb7 33. Rxb7 Kxb7 34. Rg8 Nd7 35. Rxg7 Kc6 36. Rxh7 1-0